 Dungeon Crawl Stone Soup version 0.31-a0-1178-gc5c9b8f871 (webtiles) character file.

Game seed: 5911154030616205213

2716 jlumianski the Grappler (level 9, -3/68 HPs)
             Began as a Gnoll Shapeshifter on Dec 10, 2023.
             Was an Initiate of Wu Jian.
             Slain by a killer bee (4 damage)
             ... on level 6 of the Dungeon on Dec 12, 2023.
             The game lasted 00:34:37 (5979 turns).

jlumianski the Grappler (Gnoll Shapeshifter)        Turns: 5979, Time: 00:34:38

Health: -3/68      AC:  3    Str: 17 (18) XL:     9   Next: 66%
Magic:  15/15      EV: 18    Int: 15      God:    Wu Jian [......]
Gold:   394        SH:  0    Dex: 11 (12) Spells: 13/17 levels left

rFire   . . .        H - melded +10 halberd
rCold   . . .        (shield currently unavailable)
rNeg    . . .        (body armour currently unavailable)
rPois   .            (no helmet)
rElec   .            J - +0 cloak
rCorr   .            K - +1 pair of gloves
SInv    .            (no boots)
Will    .....        (no amulet)
Stlth   +            r - +6 ring of intelligence
HPRegen 0.31/turn    (no ring)
MPRegen 0.14/turn

%: no passive effects
@: flux-form, glowing
A: glow, contaminating, fangs 1, strong nose, distributed training
a: Begin Untransformation, Renounce Religion


You were on level 6 of the Dungeon.
You worshipped Wu Jian.
Wu Jian was noncommittal.
You were something dangerously unstable.
You visited 2 branches of the dungeon, and saw 8 of its levels.

You collected 394 gold pieces.

Inventory:

Hand Weapons
 j - a +0 sling
 H - a +10 halberd (melded)
Missiles
 s - 4 boomerangs
Armour
 a - a +0 animal skin
 g - a +0 leather armour
 m - a +0 ring mail of fire resistance
 o - the +18 Lear's hauberk
   (You found it on level 2 of the Dungeon)
 q - a +0 scale mail of fire resistance
 C - a +1 leather armour of poison resistance
 F - a +4 chain mail
 G - +0 steam dragon scales
 I - a +2 scale mail
 J - a +0 cloak (worn)
 K - a +1 pair of gloves (worn)
Magical Staves
 u - a staff of death
Jewellery
 r - a +6 ring of intelligence (left hand)
Talismans
 c - a beast talisman
 d - a flux talisman (active)
Wands
 n - a wand of flame (36)
 t - a wand of paralysis (10)
 w - a wand of mindburst (14)
 x - a wand of polymorph (4)
 A - a wand of iceblast (8)
Scrolls
 f - 2 scrolls of immolation
 i - a scroll of revelation
 k - a scroll of enchant weapon
 l - a scroll of amnesia
 p - 2 scrolls of teleportation
 y - 2 scrolls of enchant armour
 L - a scroll of identify
 M - a scroll of poison
Potions
 b - 2 potions of lignification
 e - 2 potions of curing
 h - a potion of mutation
 v - a potion of resistance
 z - a potion of might
 B - a potion of brilliance {unknown}
 D - 2 potions of degeneration
 E - a potion of haste {unknown}


   Skills:
 + Level 5.3 Fighting
 + Level 4.5 Short Blades
 + Level 4.5 Long Blades
 + Level 4.5 Axes
 + Level 4.5 Maces & Flails
 + Level 4.5 Polearms
 + Level 4.5 Staves
 + Level 4.5 Ranged Weapons
 + Level 4.5 Throwing
 + Level 4.5 Armour
 + Level 6.5 Dodging
 + Level 4.5 Stealth
 + Level 4.5 Shields
 + Level 8.0 Unarmed Combat
 + Level 4.5 Spellcasting
 + Level 3.7 Conjurations
 + Level 3.7 Hexes
 + Level 3.7 Summonings
 + Level 3.7 Necromancy
 + Level 3.7 Translocations
 + Level 3.7 Transmutations
 + Level 3.7 Fire Magic
 + Level 3.7 Ice Magic
 + Level 3.7 Air Magic
 + Level 3.7 Earth Magic
 + Level 3.7 Poison Magic
 + Level 5.0 Invocations
 + Level 4.5 Evocations
 + Level 7.8 Shapeshifting


You had 13 spell levels left.
You knew the following spells:

 Your Spells              Type           Power      Damage    Failure   Level
a - Jinxbite              Hex            28%        N/A       5%          2
b - Poisonous Vapours     Pois/Air       28%        N/A       5%          2

Your spell library contained the following spells:

 Spells                   Type           Power      Damage    Failure   Level
 Apportation              Tloc           28%        N/A       3%          1
 Sandblast                Erth           28%        2d8       3%          1
 Sting                    Tmut/Pois      56%        1d5       3%          1
 Passwall                 Tmut/Erth      11%        N/A       5%          2
 Stone Arrow              Conj/Erth      28%        3d8       11%         3
 Brom's Barrelling Bould  Conj/Erth      14%        2d4       36%         4
 Olgreb's Toxic Radiance  Pois           14%        N/A       36%         4
 Alistair's Intoxication  Tmut/Pois      9%         N/A       71%         5


Dungeon Overview and Level Annotations

Branches:
Dungeon (7/15)             Temple (1/1) D:5

Altars:
Dithmenos
Elyvilon
Fedhas
Gozag
Hepliaklqana
Kikubaaqudgha
Okawaru
Qazlal
Ru
Sif Muna
Uskayaw
Vehumet
Wu Jian
Xom
Yredelemnul
Zin
The Shining One

Shops:
D:3 (

Annotations:
D:3 1 runed translucent door, Crazy Yiuf
Temple 4 transporters


Innate Abilities, Weirdness & Mutations

You are something dangerously unstable.
You glow with magical radiation, making you easy to see and hit.
Foes you strike become dangerously contaminated with magical radiation.
You are incapable of wielding weapons or throwing items.
You have very sharp teeth.
Your uncanny sense of smell can sniff out nearby items.
Your experience applies equally to all skills.


Message History

The killer bee stings you.
* * * LOW HITPOINT WARNING * * *
You are poisoned.
The killer bee poisons you!
There is a stone staircase leading up here.
You feel sick.
The killer bee completely misses you. x2
You climb upwards.
You feel very sick.
There is a stone staircase leading down here.
You closely miss the killer bee.
You feel sick. The killer bee barely misses you.
The killer bee closely misses you.
You hit the killer bee but do no damage.
The killer bee begins to glow.
You feel sick. The killer bee closely misses you.
You barely miss the killer bee. The killer bee stings you.
* * * LOW HITPOINT WARNING * * *
The killer bee completely misses you.
You barely miss the killer bee.
You bite the killer bee, but do no damage.
You feel sick. The killer bee completely misses you. The killer bee misses you.
You hit the killer bee.
The killer bee glows dangerously bright.
The killer bee is moderately wounded.
You feel sick. The killer bee barely misses you. The killer bee misses you.
You closely miss the killer bee.
The killer bee is moderately wounded.
You feel sick.
You are no longer poisoned.
The killer bee closely misses you.
You hit the killer bee.
The killer bee shudders as magic cascades through it.
The killer bee twists and deforms.
Your bite misses the killer bee.
The killer bee is heavily wounded.
The killer bee barely misses you. The killer bee completely misses you.
You miss the killer bee. Your bite misses the killer bee.
The killer bee is heavily wounded.
The killer bee stings you.
* * * LOW HITPOINT WARNING * * *
The killer bee stings you.
You die...

#.# #.................# #.#
##........).....#.# #.#
#.......#.....##.. #.###########
#..#.#############
.....><)....####..#....## #
###########.>)...#####..#########
# ######.# ##.........# # #y#
#########.. # #p# ### # ### # # #
#


You could see a killer bee (misshapen).

Vanquished Creatures
  Joseph (D:7)
  Grinder (D:5)
  5 steam dragons (D:6)
  An acid dragon (D:5)
  A black bear (D:5)
  2 ogres (D:5)
  A centaur (D:5)
  2 phantoms
  A bullfrog (D:6)
  2 killer bees (D:7)
  A howler monkey (D:5)
  6 hounds
  4 orc priests (D:5)
  3 jellies
  Ijyb (D:3)
  Natasha (D:3)
  Terence (D:3)
  3 orc wizards (D:5)
  9 adders
  2 ufetubi (D:4)
  2 worms (D:3)
  The ghost of drugrobin the Sneak, a weakling DgDe (D:4)
  19 orcs
  15 endoplasms
  4 giant cockroaches
  3 goblins
  6 hobgoblins
  2 jackals (D:3)
  10 kobolds
  4 quokkas
  7 ball pythons
  5 bats
  3 frilled lizards
  6 rats
135 creatures vanquished.

Notes
Turn   | Place    | Note
-------+----------+-------------------------------------------
     0 | D:1      | jlumianski the Gnoll Shapeshifter began the quest for the
                  | Orb.
     0 | D:1      | Reached XP level 1. HP: 17/17 MP: 1/1
   160 | D:1      | Reached XP level 2. HP: 19/23 MP: 2/2
   306 | D:2      | Reached XP level 3. HP: 28/28 MP: 2/4
   408 | D:1      | Reached skill level 1 in Invocations
   633 | D:1      | Reached skill level 1 in Short Blades
   633 | D:1      | Reached skill level 1 in Long Blades
   633 | D:1      | Reached skill level 1 in Axes
   633 | D:1      | Reached skill level 1 in Maces & Flails
   633 | D:1      | Reached skill level 1 in Polearms
   633 | D:1      | Reached skill level 1 in Staves
   633 | D:1      | Reached skill level 1 in Ranged Weapons
   633 | D:1      | Reached skill level 1 in Throwing
   633 | D:1      | Reached skill level 1 in Armour
   633 | D:1      | Reached skill level 1 in Stealth
   633 | D:1      | Reached skill level 1 in Shields
   633 | D:1      | Reached skill level 1 in Spellcasting
   633 | D:1      | Reached skill level 1 in Evocations
   676 | D:1      | Found a faded altar of an unknown god.
  1066 | D:3      | Reached XP level 4. HP: 34/34 MP: 5/5
  1074 | D:3      | Noticed Terence
  1082 | D:3      | Killed Terence
  1128 | D:2      | Reached skill level 1 in Conjurations
  1128 | D:2      | Reached skill level 1 in Hexes
  1128 | D:2      | Reached skill level 1 in Summonings
  1128 | D:2      | Reached skill level 1 in Necromancy
  1128 | D:2      | Reached skill level 1 in Translocations
  1128 | D:2      | Reached skill level 1 in Transmutations
  1128 | D:2      | Reached skill level 1 in Fire Magic
  1128 | D:2      | Reached skill level 1 in Ice Magic
  1128 | D:2      | Reached skill level 1 in Air Magic
  1128 | D:2      | Reached skill level 1 in Earth Magic
  1128 | D:2      | Reached skill level 1 in Poison Magic
  1163 | D:2      | Found the +18 Lear's hauberk
  1268 | D:2      | Reached XP level 5. HP: 39/40 MP: 5/7
  2010 | D:3      | Noticed Ijyb
  2012 | D:3      | Paralysed by Ijyb for 4 turns
  2022 | D:3      | Killed Ijyb
  2103 | D:3      | Noticed Natasha
  2111 | D:3      | Killed Natasha
  2122 | D:3      | Reached XP level 6. HP: 39/47 MP: 8/8
  2159 | D:3      | Found Hadyutil's Weapon Emporium.
  2388 | D:3      | Found a runed translucent door.
  2389 | D:3      | Noticed Crazy Yiuf
  2454 | D:5      | Entered Level 5 of the Dungeon
  2521 | D:5      | Noticed a black bear
  2531 | D:5      | Killed a black bear
  2532 | D:5      | Reached skill level 5 in Dodging
  2956 | D:5      | Reached XP level 7. HP: 41/52 MP: 10/10
  3025 | D:5      | Reached skill level 7 in Unarmed Combat
  3493 | D:5      | Reached XP level 8. HP: 60/60 MP: 12/12
  3539 | D:5      | Found a runed translucent gate.
  3590 | D:5      | Found a runed translucent gate.
  3590 | D:5      | Noticed drugrobin's ghost (weakling DgDe)
  3591 | D:5      | Found a runed translucent gate.
  3941 | D:5      | Noticed Grinder
  3969 | D:5      | Killed Grinder
  4325 | D:5      | Found a staircase to the Ecumenical Temple.
  4331 | Temple   | Found a transporter.
  4331 | Temple   | Found a transporter.
  4331 | Temple   | Found a transporter.
  4331 | Temple   | Found a transporter.
  4331 | Temple   | Entered the Ecumenical Temple
  4351 | Temple   | Became a worshipper of the Wu Jian Council
  4704 | D:4      | Killed drugrobin's ghost
  5177 | D:6      | Reached XP level 9. HP: 51/66 MP: 14/14
  5543 | D:6      | Reached skill level 5 in Fighting
  5779 | D:5      | Learned a level 2 spell: Jinxbite
  5782 | D:5      | Learned a level 2 spell: Poisonous Vapours
  5889 | D:6      | Upgraded the game from 0.31-a0-1165-g196b491b36 to
                  | 0.31-a0-1178-gc5c9b8f871
  5939 | D:7      | Noticed Joseph
  5956 | D:7      | Killed Joseph
  5957 | D:7      | Reached skill level 8 in Unarmed Combat
  5957 | D:7      | Reached skill level 5 in Invocations
  5979 | D:6      | HP: 1/68 [killer bee (4)]
  5979 | D:6      | Slain by a killer bee

Illustrated notes

Levels and vault maps discovered:
D:1:      ldierk_walled_garden, layout_rooms, chequers_ecumenical_altar_grove
D:2:      layout_basic
D:3:      layout_loops_ring, serial_shops, shop, uniq_crazy_yiuf_cottage,
          uniq_ijyb, uniq_terence, uniq_natasha
D:4:      layout_loops_ring
D:5:      kennysheep_big_flooded_room, layout_loops_ring,
          minmay_temple_entry_fiery, biasface_ghost_orc_armoury,
          dreamdust_princess_corridor, kennysheep_path_1, uniq_grinder
D:6:      cheibrodos_steamvent, layout_rooms
D:7:      layout_loops_ring, amethyst_overflow_temple_binary, minmay_liquid_box,
          uniq_joseph
Temple:   hellmonk_temple_divided_pantheon

Skill      XL: |  1  2  3  4  5  6  7  8  9 |
---------------+----------------------------+-----
Invocations    | 1 2 3 4 5 |  5.0
Short Blades   | 1 2 3 4 |  4.5
Long Blades    | 1 2 3 4 |  4.5
Axes           | 1 2 3 4 |  4.5
Maces & Flails | 1 2 3 4 |  4.5
Polearms       | 1 2 3 4 |  4.5
Staves         | 1 2 3 4 |  4.5
Ranged Weapons | 1 2 3 4 |  4.5
Throwing       | 1 2 3 4 |  4.5
Armour         | 1 2 3 4 |  4.5
Stealth        | 1 2 3 4 |  4.5
Shields        | 1 2 3 4 |  4.5
Spellcasting   | 1 2 3 4 |  4.5
Evocations     | 1 2 3 4 |  4.5
Conjurations   | 1 2 3 |  3.7
Hexes          | 1 2 3 |  3.7
Summonings     | 1 2 3 |  3.7
Necromancy     | 1 2 3 |  3.7
Translocations | 1 2 3 |  3.7
Transmutations | 1 2 3 |  3.7
Fire Magic     | 1 2 3 |  3.7
Ice Magic      | 1 2 3 |  3.7
Air Magic      | 1 2 3 |  3.7
Earth Magic    | 1 2 3 |  3.7
Poison Magic   | 1 2 3 |  3.7
Fighting       | 3 4 5 |  5.3
Dodging        | 5 6 |  6.5
Unarmed Combat | 7 8 |  8.0
Shapeshifting  | 7 |  7.8

Action                     |  1- 3 |  4- 6 |  7- 9 || total
---------------------------+-------+-------+-------++-------
  Melee: Unarmed           |    68 |   134 |   222 ||   424
         Bite              |     3 |    14 |    26 ||    43
         Punch             |     2 |     4 |    12 ||    18
         Halberd           |       |       |    46 ||    46
   Fire: Sling             |     3 |     2 |       ||     5
   Cast: Poisonous Vapours |       |       |     2 ||     2
         Jinxbite          |       |       |     2 ||     2
Ability: Lunge             |       |       |     6 ||     6
    Use: Scroll            |     3 |     3 |     5 ||    11
         Potion            |       |       |     3 ||     3
   Stab: Sleeping          |     3 |       |       ||     3
 Armour: Animal skin       |    32 |       |       ||    32
         Leather armour    |     1 |     1 |       ||     2
         Chain mail        |       |    87 |   245 ||   332
         Ring mail         |       |     3 |       ||     3
         Skin              |       |       |    17 ||    17
  Dodge: Dodged            |    49 |    71 |   133 ||   253
   Form: Flux              |       |     1 |     3 ||     4
                           |       |     1 |     2 ||     3
         Beast             |       |       |     3 ||     3

Table legend: (Time is in decaauts)
 A = Elapsed time spent in this place.
 B = Non-inter-level travel time spent in this place.
 C = Inter-level travel time spent in this place.
 D = Time resting spent in this place.
 E = Time spent auto-exploring this place.
 F = Levels seen in this place.
 G = Mean time per level.
                   A        B        C        D        E       F      G
               +--------+--------+--------+--------+--------+-----+--------+
         Total |   5962 |   5831 |    131 |    687 |   2710 |   8 |  745.2 |
       Dungeon |   5919 |   5788 |    131 |    687 |   2710 |   7 |  845.6 |
        Temple |     42 |     42 |      0 |      0 |      0 |   1 |   42.0 |
               +--------+--------+--------+--------+--------+-----+--------+

Top non-repeatable levels by time:
     D:5: 1639 daAuts
     D:6: 942 daAuts
     D:4: 862 daAuts
     D:1: 816 daAuts
     D:3: 791 daAuts
     D:2: 769 daAuts
     D:7: 98 daAuts
  Temple: 42 daAuts
